AoeStats
← RLF_jcat

Arena

507380505Analyzed
4v4 RM · 14d ago on Sep 18, 2026· 40m 51s· 8 players
Game mode
Random Map
Map size
Large (8 player)
Population
200
Speed
Normal
Resources
Standard
Victory
Conquest
Starting age
Dark Age
Ending age
Imperial Age
RankedLock teamsTeams togetherTeam positionsShared explorationLock speedFull tech treeHidden civsTurbo modeCheats
Victory
Defeat
🇧🇷 Khmer · Brazil
1085
+14
🇰🇿 Koreans · Kazakhstan
1080
+14
🇧🇷 Saracens · Brazil
1039
+16
🇦🇷 Spanish · Argentina
1012
+16
🇺🇸 Slavs · United States
1088
-17
🇺🇸 Teutons · United States
1082
-17
🇺🇸 Romans · United States
1028
-15
🇺🇸 Spanish · United States
933
-11
Absurdo!
11:32 Feudal Age
12:39 Double-Bit Axe
18:04 Castle Age
16:20 Horse Collar
17:19 Loom
17:39 Fletching
18:29 Gold Mining
18:12 Crossbowman
24:30 Bodkin Arrow
25:11 Ballistics
26:07 Thumb Ring
27:01 Padded Archer Armor
34:30 Imperial Age
32:50 Scale Barding Armor
33:48 Leather Archer Armor
34:59 Gold Mining
34:43 Arbalester
36:27 Chemistry
38:55 Bracer
41:10 Bow Saw
galv
10:31 Feudal Age
15:27 Castle Age
13:52 Double-Bit Axe
14:31 Loom
14:43 Horse Collar
16:41 Wheelbarrow
21:31 Bow Saw
22:00 Heavy Plow
23:45 Gold Mining
23:59 Town Watch
24:14 Stone Mining
25:28 Gold Shaft Mining
25:31 Hand Cart
29:03 Imperial Age
27:33 Stone Shaft Mining
28:02 Pikeman
28:28 Arson
29:00 Scale Mail Armor
29:11 Forging
29:36 Ballistics
29:53 Masonry
29:47 Town Patrol
30:00 Heavy Scorpion
31:36 Crop Rotation
30:42 Halberdier
31:43 Chain Mail Armor
31:25 Fletching
32:46 Conscription
32:47 Double Crossbow
34:43 Chemistry
35:31 Hoardings
35:02 Murder Holes
36:12 Iron Casting
36:19 Siege Engineers
36:25 Husbandry
36:36 Bloodlines
35:46 Light Cavalry
36:36 Scale Barding Armor
36:33 Hussar
38:15 Blast Furnace
39:01 Architecture
Tio Nacho
10:53 Feudal Age
14:56 Castle Age
14:16 Double-Bit Axe
16:39 Wheelbarrow
16:54 Bow Saw
21:04 Horse Collar
22:46 Hand Cart
22:17 Town Watch
22:17 Loom
26:27 Stone Mining
26:36 Gold Mining
29:56 Imperial Age
28:10 Heavy Plow
31:12 Conscription
31:49 Fortified Wall
31:51 Masonry
31:17 Elite Conquistador
38:46 Scale Barding Armor
38:51 Forging
39:44 Cavalier
40:27 Husbandry
40:37 Bloodlines
40:51 Chain Barding Armor
41:06 Iron Casting
8ibir
12:40 Feudal Age
17:00 Castle Age
15:21 Double-Bit Axe
15:27 Horse Collar
16:18 Fletching
18:29 Wheelbarrow
18:43 Gold Mining
23:21 Bodkin Arrow
24:32 Gold Shaft Mining
28:17 Ballistics
37:19 Imperial Age
34:54 Stone Mining
36:44 Forging
36:34 Scale Mail Armor
37:06 Arson
37:22 Squires
37:07 Gambesons
38:24 Conscription
38:42 Iron Casting
39:29 Bow Saw
RLF_jcat
0:27 Loom
7:58 Loom
10:25 Feudal Age
15:32 Castle Age
13:41 Double-Bit Axe
14:23 Horse Collar
20:34 Stone Mining
25:28 Wheelbarrow
27:41 Fletching
28:20 Bodkin Arrow
32:06 Imperial Age
30:25 Bow Saw
32:30 Heavy Plow
33:25 Crenellations
34:04 Conscription
34:10 Ironclad
35:56 Scale Mail Armor
36:06 Forging
36:23 Cavalier
37:23 Forging
37:45 Scale Barding Armor
38:30 Squires
40:31 Two-Man Saw
5WhiskeyTango
1:02 Loom
11:06 Feudal Age
19:23 Castle Age
17:25 Stone Mining
18:08 Man-at-Arms
19:02 Double-Bit Axe
19:57 Scale Mail Armor
20:07 Forging
22:50 Wheelbarrow
23:33 Bow Saw
25:34 Gold Mining
27:01 Hand Cart
28:47 Elite Skirmisher
33:44 Horse Collar
34:45 Gold Shaft Mining
36:47 Imperial Age
34:50 Murder Holes
36:48 Ballistas
36:50 Onager
38:05 Padded Archer Armor
37:55 Fletching
39:14 Leather Archer Armor
39:25 Siege Engineers
39:41 Ballistics
40:21 Chemistry
39:32 Fortified Wall
fearmenot614
11:29 Feudal Age
14:11 Loom
17:00 Castle Age
16:42 Wheelbarrow
16:00 Horse Collar
16:39 Double-Bit Axe
24:02 Bow Saw
27:15 Heavy Plow
29:20 Bloodlines
29:10 Husbandry
34:14 Imperial Age
32:03 Hand Cart
32:53 Ballistics
33:49 Gold Mining
33:49 Stone Mining
34:16 Forging
34:22 Scale Barding Armor
35:22 Cavalier
37:09 Chemistry
36:41 Conscription
37:32 Iron Casting
37:21 Chain Barding Armor
38:15 Two-Man Saw
37:36 Elite Conquistador
40:42 Paladin
DreamMurders
9:46 Loom
11:34 Feudal Age
17:30 Castle Age
16:53 Double-Bit Axe
21:38 Bow Saw
25:29 Horse Collar
27:38 Wheelbarrow
26:56 Elite Skirmisher
27:40 Fletching
28:36 Gold Mining
28:46 Stone Mining
30:28 Padded Archer Armor
30:24 Bodkin Arrow
32:03 Gold Shaft Mining
36:58 Hand Cart
37:03 Forging
36:53 Scale Mail Armor
39:34 Leather Archer Armor
39:53 Ballistics
Connection lost

Rejoining the realm…

Still unreachable

The connection could not be restored.

Session expired

The server has moved on; the page needs a fresh start.